 Dungeon Crawl Stone Soup version 0.29.0-15-g675c0067aa (webtiles) character file.

Game seed: 15014451847421867608

165 qw the Chopper (level 5, -2/32 HPs)
             Began as a Gargoyle Fighter on Sept 12, 2022.
             Slain by a gnoll
             ... wielding a +0 halberd
             ... led by a gnoll sergeant
              (6 damage)
             ... on level 4 of the Dungeon.
             The game lasted 00:00:57 (3410 turns).

qw the Chopper (Gargoyle Fighter)                   Turns: 3410, Time: 00:00:57

Health: -2/32      AC: 16    Str: 22    XL:     5   Next: 46%
Magic:  5/5        EV:  6    Int:  8    God:
Gold:   1418       SH:  4    Dex:  9    Spells: 4/4 levels left

rFire   . . .      SeeInvis .   Y - +1 war axe
rCold   . . .      Faith    .   c - +0 buckler
rNeg    + . .      Spirit   .   g - +0 plate armour
rPois   inf        Reflect  .   (no helmet)
rElec   +          Harm     .   (no cloak)
rCorr   +          Rampage  .   o - +0 pair of gloves
Will    .....                   (no boots)
Stlth   ..........              j - amulet of the acrobat
HPRegen 0.10/turn               e - ring of resist corrosion
MPRegen 0.09/turn               (no ring)

@: no status effects
A: sickness immunity, AC +4, negative energy resistance 1, electricity
resistance, torment resistance 1, petrification resistance
a: no special abilities


You were on level 4 of the Dungeon.
You visited 1 branch of the dungeon, and saw 4 of its levels.

You collected 1418 gold pieces.


Innate Abilities, Weirdness & Mutations

You are immune to sickness and miasma.
Your stone body is resilient. (AC +4)
You are immune to poison.
You resist negative energy. (rN+)
You are resistant to electric shocks. (rElec)
You are resistant to unholy torment.
You are immune to petrification.


   Skills:
 - Level 3.2 Fighting
 + Level 4.7 Axes
 - Level 1.2 Throwing
 - Level 3.2 Armour
 - Level 3.2 Shields


You had 4 spell levels left.
You didn't know any spells.
Your spell library was empty.

Inventory:

Hand Weapons
 h - a +0 flail
 Y - a +1 war axe (weapon)
Missiles
 p - 2 javelins (quivered)
Armour
 c - a +0 buckler (worn)
 g - a +0 plate armour (worn)
 o - a +0 pair of gloves (worn)
Jewellery
 e - a ring of resist corrosion (left hand)
 j - an amulet of the acrobat (around neck)
 n - a ring of resist corrosion
Scrolls
 a - a scroll of identify
Potions
 b - a potion of curing
 d - 2 potions of might
 f - a potion of heal wounds
 k - a potion of lignification
 q - a potion of haste

Dungeon Overview and Level Annotations

Branches:
Dungeon (4/15)
 Temple: D:4-7

Altars:


Message History

The gnoll hits you but does no damage.
You hit the gnoll.
You kill the gnoll!
You start resting.
HP restored.
h - a +0 flail
Things that are here:
2 throwing nets; a gnoll corpse
3401 ||| DROPPING +0 whip.
You drop a +0 whip.
Done exploring.
(D) Dungeon
Where to? (* - list waypoints, Enter - D:4, ? - help)
What level of the Dungeon? (default 1, ? - help)
There is a stone staircase leading down here.
You climb downwards.
There is a stone staircase leading up here.
There are monsters nearby!
The gnoll sergeant misses you. The gnoll hits you but does no damage.
You hit the gnoll sergeant.
The gnoll sergeant is moderately wounded.
The gnoll sergeant hits you with a +0 spear.
The gnoll hits you from afar with a +0 halberd!
You hit the gnoll sergeant but do no damage.
The gnoll sergeant is moderately wounded.
The gnoll sergeant hits you with a +0 spear.
You block the gnoll's attack.
You closely miss the gnoll sergeant.
The gnoll sergeant is moderately wounded.
The gnoll sergeant hits you with a +0 spear!
The gnoll barely misses you. x2
The gnoll sergeant completely misses you.
You hit the gnoll sergeant.
The gnoll sergeant is heavily wounded.
The gnoll sergeant hits you but does no damage.
The gnoll hits you but does no damage.
You hit the gnoll sergeant but do no damage.
The gnoll sergeant is heavily wounded.
The gnoll sergeant hits you with a +0 spear.
The gnoll hits you from afar with a +0 halberd.
You die...

.....#######
...........#
...........#
...........#
...........#
...........#+##
........g......
...>.!.@.......
.......<.g.....
...............
...............
.........######
.........#
.........#
.........#
.........#


You could see a gnoll sergeant and a gnoll.

Vanquished Creatures
  Jessica (D:2)
  2 adders (D:2)
  4 gnolls (D:3)
  3 worms (D:2)
  A dart slug (D:3)
  3 orcs (D:3)
  7 ball pythons
  5 endoplasms
  3 giant cockroaches
  6 goblins
  3 hobgoblins (D:1)
  6 jackals
  3 quokkas
  5 bats
  7 frilled lizards
  4 kobolds
  4 rats
67 creatures vanquished.

Notes
Turn   | Place    | Note
-------+----------+-------------------------------------------
     0 | D:1      | qw the Gargoyle Fighter began the quest for the Orb.
     0 | D:1      | Reached XP level 1. HP: 14/14 MP: 1/1
     0 | D:1      | 0 ||| qw: Version: 0.1-a-119-g272c26d
     0 | D:1      | 0 ||| qw: Game counter: 10954
     0 | D:1      | 0 ||| qw: Always use a shield: true
     0 | D:1      | 0 ||| qw: God list: Okawaru
     0 | D:1      | 0 ||| qw: Allow faded altars: false
     0 | D:1      | 0 ||| qw: Do Orc after D:15 true
     0 | D:1      | 0 ||| qw: Do second Lair branch before Depths: true
     0 | D:1      | 0 ||| qw: Lair rune preference: random
     0 | D:1      | 0 ||| qw: Plans: Normal, Zot, God:TSO, Crypt, Tomb, Pan,
                  | Slime, Hells, Zig, Abyss, Orb
     0 | D:1      | 0 ||| PLANNING D:1-11
    45 | D:1      | Reached skill level 2 in Axes
   123 | D:1      | 123 ||| Stepping ~*~*~tactically~*~*~ (stealth).
   129 | D:1      | Reached XP level 2. HP: 18/19 MP: 2/2
   569 | D:1      | Reached skill level 3 in Axes
   574 | D:1      | Reached XP level 3. HP: 21/23 MP: 3/3
  1005 | D:1      | 1005 ||| UPGRADING to +0 chain mail.
  1015 | D:1      | 1015 ||| DROPPING +0 scale mail.
  1016 | D:1      | 1016 ||| UPGRADING to +0 pair of gloves.
  1021 | D:1      | 1021 ||| UPGRADING to ring of resist corrosion.
  1022 | D:1      | 1022 ||| READING scroll labelled XAKKUC NIWNYODGH.
  1022 | D:1      | Identified a scroll of acquirement
  1022 | D:1      | 1022 ||| ACQUIRING 1226 gold pieces
  1022 | D:1      | Acquired 1226 gold pieces
  1024 | D:1      | 1024 ||| READING scroll labelled UNOALU FURRE.
  1025 | D:1      | 1025 ||| READING scroll labelled LAQITW RIAPS.
  1176 | D:2      | Reached skill level 1 in Throwing
  1178 | D:2      | 1178 ||| Stepping ~*~*~tactically~*~*~ (stealth).
  1179 | D:2      | 1179 ||| Stepping ~*~*~tactically~*~*~ (stealth).
  1307 | D:2      | 1307 ||| Stepping ~*~*~tactically~*~*~ (stealth).
  1309 | D:2      | 1309 ||| Stepping ~*~*~tactically~*~*~ (stealth).
  1311 | D:2      | 1311 ||| Stepping ~*~*~tactically~*~*~ (stealth).
  1318 | D:2      | Reached XP level 4. HP: 28/28 MP: 4/4
  1526 | D:2      | Noticed Jessica
  1542 | D:2      | HP: 3/28 [Jessica/nerve-wracking pain (6)]
  1543 | D:2      | Killed Jessica
  1544 | D:2      | Reached skill level 4 in Axes
  2104 | D:2      | 2104 ||| UPGRADING to +0 plate armour.
  2109 | D:2      | 2109 ||| UPGRADING to +0 plate armour.
  2119 | D:2      | 2119 ||| DROPPING +0 chain mail.
  2120 | D:2      | 2120 ||| READING 2 scrolls labelled LATHRI EMUVI.
  2121 | D:2      | 2121 ||| READING 2 scrolls labelled LOEKOS VORRONO.
  2122 | D:2      | 2122 ||| READING scroll labelled COSKUR INILOY.
  2123 | D:2      | 2123 ||| READING scroll labelled ECURPH SUGALO.
  2124 | D:2      | 2124 ||| READING scroll labelled VUGIDI ADAN.
  2125 | D:2      | 2125 ||| DRINKING 2 green potions.
  2126 | D:2      | 2126 ||| DRINKING 2 grey potions.
  2127 | D:2      | 2127 ||| DROPPING scroll of magic mapping.
  2193 | D:3      | 2193 ||| DROPPING +0 club.
  2324 | D:3      | Reached XP level 5. HP: 29/32 MP: 5/5
  2780 | D:3      | 2780 ||| Stepping ~*~*~tactically~*~*~ (hiding).
  3170 | D:3      | 3170 ||| UPGRADING to amulet of the acrobat.
  3175 | D:3      | 3175 ||| DROPPING ring of wizardry.
  3176 | D:3      | 3176 ||| READING scroll labelled XUKOAPTUVOKH.
  3177 | D:3      | 3177 ||| READING scroll labelled KOTTU CYTI.
  3178 | D:3      | 3178 ||| READING scroll labelled FUYNLITSUEZE.
  3179 | D:3      | 3179 ||| DRINKING 2 bubbling pink potions.
  3180 | D:3      | 3180 ||| DRINKING 2 sedimented brown potions.
  3207 | D:3      | 3207 ||| READING 3 scrolls of identify.
  3207 | D:3      | 3207 ||| IDENTIFYING clear potion
  3208 | D:3      | 3208 ||| READING 2 scrolls of identify.
  3208 | D:3      | 3208 ||| IDENTIFYING fizzy ruby potion
  3209 | D:3      | 3209 ||| DROPPING potion of invisibility.
  3210 | D:3      | 3210 ||| DROPPING potion of magic.
  3249 | D:4      | 3249 ||| STAIRDANCE
  3293 | D:4      | 3293 ||| STAIRDANCE
  3401 | D:3      | 3401 ||| DROPPING +0 whip.
  3410 | D:4      | HP: 4/32 [gnoll sergeant/+0 spear (6)]
  3410 | D:4      | Slain by a gnoll

Levels and vault maps discovered:
D:1:      heliophobic_arrival_battle_scene, layout_loops_corners,
          minmay_indecisive_spiral
D:2:      kennysheep_big_flooded_room, layout_loops_ring, uniq_jessica
D:3:      layout_basic, serial_corexii_hall, chequers_hall_statues_y,
          chequers_hall_statues_y, chequers_hall_statues_corner_a,
          chequers_hall_statues_y
D:4:      layout_gridville

Skill      XL: |  1  2  3  4 |
---------------+-------------+-----
Axes           | 2 3 4 |  4.7
Throwing       | 1 |  1.2
Fighting       | |  3.2
Armour         | |  3.2
Shields        | |  3.2

Action                   |  1- 3 |  4- 6 || total
-------------------------+-------+-------++-------
Melee: War axe           |    82 |    64 ||   146
Throw: Javelin           |    16 |    21 ||    37
  Use: Scroll            |     3 |    10 ||    13
       Potion            |       |     4 ||     4
Armor: Scale mail        |    35 |       ||    35
       Chain mail        |    17 |    15 ||    32
       Plate armour      |       |    24 ||    24
Dodge: Dodged            |    43 |    17 ||    60
Block: Buckler           |    24 |    12 ||    36

Table legend:
 A = Non-vault XP
 B = Vault XP
 C = Vault XP percentage of total XP
 D = Non-vault monster count
 E = Vault monster count
 F = Vault count percentage of total count
                 A         B        C        D         E       F
            +---------+---------+-------+---------+---------+-------
      Total |     187 |      49 |  20.8 |      60 |       7 |  10.4
            +---------+---------+-------+---------+---------+-------
        D:1 |      38 |       8 |  17.4 |      22 |       4 |  15.4
        D:2 |      64 |      41 |  39.0 |      20 |       3 |  13.0
        D:3 |      85 |       0 |   0.0 |      18 |       0 |   0.0
            +---------+---------+-------+---------+---------+-------
